 Dungeon Crawl Stone Soup version 0.21-a0-525-ga34b322 (webtiles) character file.

37 slep the Chopper (level 3, -2/18 HPs)
             Began as a Vine Stalker Gladiator on Dec 8, 2017.
             Slain by Natasha (7 damage)
             ... on level 2 of the Dungeon.
             The game lasted 00:03:45 (916 turns).

slep the Chopper (Vine Stalker Gladiator)            Turns: 916, Time: 00:03:46

Health: -2/18      AC:  4    Str: 17    XL:     3   Next: 39%
Magic:  0/4        EV: 10    Int:  8    God:
Gold:   41         SH:  7    Dex: 15    Spells: 2/2 levels left

rFire    . . .     SeeInvis .   a - +0 war axe
rCold    . . .     Gourm    .   m - +0 shield
rNeg     . . .     Faith    .   b - +0 leather armour
rPois    .         Spirit   +   c - +0 helmet
rElec    .         Reflect  .   (no cloak)
rCorr    .         Harm     .   (no gloves)
MR       .....                  (no boots)
Stlth    +.........             (no amulet)
HPRegen  0.06/turn              (no ring)
MPRegen  0.09/turn              (no ring)

@: no status effects
A: fangs 2, magic shield, antimagic bite, no potion heal 3, rot immunity
a: no special abilities


You were on level 2 of the Dungeon.
You were not hungry.

You visited 1 branch of the dungeon, and saw 2 of its levels.

You collected 41 gold pieces.

Inventory:

Hand Weapons
 a - a +0 war axe (weapon)
Missiles
 d - 3 throwing nets (quivered)
Armour
 b - a +0 leather armour (worn)
 c - a +0 helmet (worn)
 m - a +0 shield (worn)
Scrolls
 g - a scroll of enchant weapon {unknown}
 i - a scroll of remove curse {unknown}
 j - a scroll of random uselessness {unknown}
 l - a scroll of fear {unknown}
 p - a scroll of magic mapping {unknown}
 q - a scroll of teleportation {unknown}
Potions
 e - a potion of flight {unknown}
 k - 2 potions of heal wounds {unknown}
 n - 2 potions of lignification {unknown}
Comestibles
 f - 3 bread rations
 h - 3 royal jellies
 o - a meat ration
 r - 5 chunks of flesh


   Skills:
 + Level 2.0 Fighting
 + Level 3.2 Axes
 + Level 1.9 Throwing
 + Level 0.4 Armour
 + Level 2.7 Dodging
 + Level 0.1 Shields


You had 2 spell levels left.
You didn't know any spells.

Dungeon Overview and Level Annotations

Branches:
Dungeon (2/15)

Altars:
The Shining One

Annotations:
D:2 Natasha


Innate Abilities, Weirdness & Mutations

You have extremely sharp teeth.
When hurt, damage is shared between your health and your magic reserves.
Your bite disrupts and absorbs the magic of your enemies.
Potions cannot restore your health.
You are immune to rotting.


Message History

You completely miss Natasha.
Natasha is severely wounded.
You closely miss the white imp. You hit the kobold.
You kill the kobold!
Natasha completely misses you.
The white imp hits you but does no damage.
Natasha stares at you and mumbles some strange words.
The magic dart hits you!
The white imp hits you but does no damage.
Your shield prevents you from hitting Natasha.
Natasha is severely wounded.
You hit the white imp. Natasha claws you.
* * * LOW HITPOINT WARNING * * *
The white imp gestures at you. You block the puff of frost.
A giant cockroach comes into view.
You closely miss Natasha.
Natasha is severely wounded.
You barely miss the white imp. Natasha claws you!
You die...

#....#(# #..#
#.... .s.# #..#
#####
.....###..#
..........#
##.######.#
#...# #.# #...#
#.#
##.#†.)#####.#
#...h@.(..##.#
.......5.......#
##.........(####
#.#.#...#### #
#.#.$.# .....<.
.......#
###..#..# ...


You could see Natasha, a white imp and a giant cockroach.

Vanquished Creatures
  5 goblins (D:1)
  6 hobgoblins
  7 jackals
  7 kobolds
  A bat (D:1)
  3 frilled lizards (D:2)
  2 rats (D:1)
31 creatures vanquished.

Notes
Turn   | Place    | Note
-------+----------+-------------------------------------------
     0 | D:1      | slep the Vine Stalker Gladiator began the quest for the Orb.
     0 | D:1      | Reached XP level 1. HP: 11/11 MP: 2/2
    93 | D:1      | Found a glowing golden altar of the Shining One.
   160 | D:1      | Reached skill level 3 in Axes
   160 | D:1      | Reached XP level 2. HP: 15/15 MP: 3/3
   703 | D:1      | Reached XP level 3. HP: 10/18 MP: 4/4
   910 | D:2      | Noticed Natasha
   916 | D:2      | Slain by Natasha

Vault maps used:
D:1:      dpeg_arrival_morbid_curiosity, hex_large, serial_bayou_lagoon_a,
          minmay_misc_feat_doors, tso_altar
D:2:      chequers_ecumenical_altar_lobes, uniq_natasha, uniq_terence

Skill      XL: |  1  2 |
---------------+-------+-----
Axes           | 3 |  3.2
Fighting       | 2 |  2.0
Throwing       | |  1.9
Armour         | |  0.4
Dodging        | |  2.7
Shields        | |  0.1

Action                   || total
-------------------------++-------
Melee: War axe           ||   100
       Bite              ||    28
Armor: Leather armour    ||    31
Dodge: Dodged            ||    61
Block: Shield            ||    27

Table legend:
 A = Spawn XP
 B = Non-spawn XP
 C = Spawn XP percentage of total XP
 D = Spawn monster count
 E = Non-spawn monster count
 F = Spawn count percentage of total count
 G = Total turns spent on level
                    A         B        C        D         E        F      G
               +---------+---------+-------+---------+---------+-------+---------
         Total |       0 |      53 |   0.0 |       0 |      31 |   0.0 |   916
               +---------+---------+-------+---------+---------+-------+---------
           D:1 |       0 |      38 |   0.0 |       0 |      22 |   0.0 |   776
           D:2 |       0 |      15 |   0.0 |       0 |       9 |   0.0 |   140
               +---------+---------+-------+---------+---------+-------+---------
